 Dungeon Crawl Stone Soup version 0.31-a0-845-g9abc20d24f (webtiles) character file.

Game seed: 8579572264775478463

515 Kurtz the Chopper (level 7, -4/46 HPs)
             Began as an Octopode Fighter on Oct 1, 2023.
             Was an Initiate of Makhleb.
             Slain by a wraith (14 damage)
             ... in an ossuary.
             The game lasted 00:03:35 (3588 turns).

Kurtz the Chopper (Octopode Fighter)                Turns: 3588, Time: 00:03:36

Health: -4/46      AC:  1    Str: 15    XL:     7   Next: 20%
Magic:  6/6        EV: 13    Int:  9    God:    Makhleb [......]
Gold:   225        SH:  5    Dex: 17    Spells: 6/6 levels left

rFire   . . .        a - +0 war axe
rCold   . . .        b - +0 buckler
rNeg    . . .        (helmet restricted)
rPois   .            (no amulet)
rElec   .            (no ring)
rCorr   .            (no ring)
SInv    .            (no ring)
Will    .....        (no ring)
Stlth   +++          (no ring)
HPRegen 0.27/turn    (no ring)
MPRegen 0.10/turn    (no ring)
                     (no ring)

%: no passive effects
@: attractive, slowed, invisible, very slow
A: almost no armour, amphibious, 8 rings, camouflage 1, gelatinous body 1,
(nimble swimmer 1), tentacles, agile 1, low MP 1
a: Renounce Religion


You were in an ossuary.
You worshipped Makhleb.
Makhleb was noncommittal.
You visited 2 branches of the dungeon, and saw 6 of its levels.
You also visited: Ossuary.

You collected 225 gold pieces.

Inventory:

Hand Weapons
 a - a +0 war axe (weapon)
Missiles
 g - 4 javelins
 v - 9 poisoned darts
Armour
 b - a +0 buckler (worn)
Jewellery
 o - a ring of resist corrosion
 u - a ring of see invisible
Wands
 k - a wand of charming (9) (quivered)
Scrolls
 c - a scroll of vulnerability
 h - 3 scrolls of fog
 j - a scroll of noise
 m - 2 scrolls of teleportation
 n - a scroll of summoning
 p - a scroll of amnesia {unknown}
 s - a scroll of poison {unknown}
 t - a scroll of enchant armour {unknown}
Potions
 d - 2 potions of mutation
 e - a potion of attraction
 l - a potion of curing {unknown}
 q - a potion of heal wounds {unknown}
 r - 3 potions of degeneration


   Skills:
 - Level 3.0 Fighting
 * Level 7.6 Axes
 - Level 3.0 Dodging
 - Level 3.0 Shields
 * Level 0.4 Invocations


You had 6 spell levels left.
You didn't know any spells.
Your spell library was empty.

Dungeon Overview and Level Annotations

Branches:
Dungeon (5/15)             Temple (1/1) D:5         Ossuary (1/1)

Altars:
Ashenzari
Cheibriados
Dithmenos
Elyvilon
Fedhas
Kikubaaqudgha
Makhleb
Nemelex Xobeh
Qazlal
Sif Muna
Uskayaw
Xom
Yredelemnul
Zin


Innate Abilities, Weirdness & Mutations

You cannot wear most types of armour.
You are amphibious.
You can wear up to eight rings at the same time.
Your skin changes colour to match your surroundings (Stealth+).
Your rubbery body absorbs attacks. (AC +1, EV +1)
((You are camouflaged when in or above water. (Stealth+)))
You have tentacles for arms and can constrict up to eight enemies at once.
You are agile. (Dex +4, Str/Int -1)
Your magical capacity is low. (-10% MP)


Message History

A wraith is nearby!
There is an open door here.
The helpless wraith fails to defend itself.
You hit the wraith.
The wraith is lightly damaged.
The wraith closely misses you.
You closely miss the wraith.
The wraith is lightly damaged.
The wraith hits you!
You barely miss the wraith.
The wraith is lightly damaged.
The wraith barely misses you.
You hit the wraith but do no damage.
You squeeze the wraith, but do no damage.
The wraith is lightly damaged.
You block the wraith's attack.
You slash the wraith!
The wraith is moderately damaged.
The wraith misses you. You block the wraith's attack.
You hit the wraith. Your squeeze misses the wraith.
The wraith is moderately damaged.
The wraith completely misses you.
You hit the wraith but do no damage.
The wraith is moderately damaged.
The wraith closely misses you.
You hit the wraith but do no damage.
The wraith is moderately damaged.
The wraith hits you! The wraith drains your vigour!
You feel yourself slow down.
It was a potion of attraction.
You feel attractive to monsters. You block the wraith's attack.
The wraith hits you!
* * * LOW HITPOINT WARNING * * *
The wraith drains your vigour!
You feel as though you will be slow longer.
Unknown command.
It was a potion of invisibility.
You fade into invisibility!
The wraith hits you!
You die...

######### ........
...... ####..# #.
#W@...# #
#..####..#+# .#
#........#.#..# #
#.............. ..
#..####.......#
... #..#
+....8...# Z8.
#..####.......#+#.
...
#.............#.#.
...
#.................
...


You could see a wraith.

Vanquished Creatures
  An ogre (D:5)
  2 phantoms
  A scorpion (D:4)
  An iguana (D:4)
  Natasha (thrice) (D:4)
  3 gnolls (D:3)
  3 adders
  4 worms
  2 orcs (D:3)
  4 ball pythons
  6 endoplasms
  A giant cockroach (D:2)
  A goblin (D:4)
  5 hobgoblins
  6 kobolds
  2 quokkas
  4 bats
  3 frilled lizards
  A goblin zombie (Ossuary)
  6 hobgoblin zombies (Ossuary)
  3 kobold zombies (Ossuary)
  4 rats
66 creatures vanquished.

Notes
Turn   | Place    | Note
-------+----------+-------------------------------------------
     0 | D:1      | Kurtz the Octopode Fighter began the quest for the Orb.
     0 | D:1      | Reached XP level 1. HP: 16/16 MP: 1/1
   491 | D:1      | Reached XP level 2. HP: 21/21 MP: 2/2
   948 | D:2      | Reached skill level 3 in Axes
  1105 | D:2      | Reached XP level 3. HP: 23/26 MP: 3/3
  1782 | D:3      | Reached skill level 4 in Axes
  1784 | D:3      | Reached XP level 4. HP: 26/31 MP: 4/4
  1837 | D:3      | Found a sparkling altar of Nemelex Xobeh.
  1959 | D:3      | Found a shadowy altar of Dithmenos.
  2176 | D:4      | Noticed Natasha
  2191 | D:4      | Killed Natasha
  2192 | D:4      | Reached skill level 5 in Axes
  2192 | D:4      | Reached XP level 5. HP: 21/36 MP: 5/5
  2290 | D:4      | Noticed Natasha
  2294 | D:4      | Killed Natasha
  2344 | D:4      | Noticed Natasha
  2345 | D:4      | Noticed a phantom
  2353 | D:4      | Killed Natasha
  2353 | D:4      | Killed a phantom
  2354 | D:4      | Reached skill level 6 in Axes
  2354 | D:4      | Reached XP level 6. HP: 12/42 MP: 6/6
  2799 | D:4      | Found a white marble altar of Elyvilon.
  2849 | D:4      | Found a shimmering blue altar of Sif Muna.
  3097 | D:4      | Found a basalt altar of Yredelemnul.
  3215 | D:5      | Entered Level 5 of the Dungeon
  3259 | D:5      | Gained mutation: Your magical capacity is low. (-10% MP)
                  | [potion of mutation]
  3259 | D:5      | Gained mutation: You are agile. (Dex +4, Str/Int -1)
                  | [potion of mutation]
  3268 | D:5      | Reached skill level 7 in Axes
  3272 | D:5      | Reached XP level 7. HP: 24/46 MP: 6/6
  3350 | D:5      | Found a staircase to the Ecumenical Temple.
  3359 | Temple   | Entered the Ecumenical Temple
  3369 | Temple   | Became a worshipper of Makhleb the Destroyer
  3395 | D:5      | Found a sand-covered staircase.
  3404 | Ossuary  | Entered an ossuary
  3404 | Ossuary  | Noticed a wraith
  3404 | Ossuary  | Noticed a wraith
  3404 | Ossuary  | Noticed a wraith
  3577 | Ossuary  | Noticed a wraith
  3588 | Ossuary  | Slain by a wraith

Illustrated notes

Levels and vault maps discovered:
D:1:      minmay_arrival_semitransparent, layout_loops_ring
D:2:      layout_basic
D:3:      layout_basic, nemelex_altar_shiori, grunt_dithmenos_smoke_and_mirrors
D:4:      layout_loops_ring, kennysheep_ying_yang, lemuel_blue_sif_altar,
          uniq_natasha
D:5:      minmay_evil_eye, layout_rooms, temple_fountains, enter_ossuary_1
Temple:   jpeg_temple_island
Ossuary:  ossuary_kennysheep_city_of_the_dead

Skill      XL: |  1  2  3  4  5  6 |
---------------+-------------------+-----
Axes           | 3 4 5 6 7 |  7.6
Fighting       | |  3.0
Dodging        | |  3.0
Shields        | |  3.0
Invocations    | |  0.4

Action                     |  1- 3 |  4- 6 |  7- 9 || total
---------------------------+-------+-------+-------++-------
  Melee: War axe           |    65 |    52 |    29 ||   146
         Constrict         |    13 |     9 |     5 ||    27
         Tentacles         |    12 |    12 |     7 ||    31
         Punch             |       |       |     1 ||     1
  Evoke: Wand              |       |       |     1 ||     1
    Use: Potion            |       |     2 |     2 ||     4
         Scroll            |       |     6 |       ||     6
   Stab: Sleeping          |     7 |     6 |     2 ||    15
         Distracted        |     1 |       |       ||     1
 Armour: Skin              |    19 |    23 |     8 ||    50
  Dodge: Dodged            |    29 |    32 |    14 ||    75
  Block: Buckler           |    19 |     6 |     7 ||    32

Table legend: (Time is in decaauts)
 A = Elapsed time spent in this place.
 B = Non-inter-level travel time spent in this place.
 C = Inter-level travel time spent in this place.
 D = Time resting spent in this place.
 E = Time spent auto-exploring this place.
 F = Levels seen in this place.
 G = Mean time per level.
                   A        B        C        D        E       F      G
               +--------+--------+--------+--------+--------+-----+--------+
         Total |   3645 |   3454 |    191 |    283 |   2480 |   7 |  520.7 |
       Dungeon |   3434 |   3243 |    191 |    283 |   2424 |   5 |  686.8 |
        Temple |     19 |     19 |      0 |      0 |      0 |   1 |   19.0 |
       Ossuary |    190 |    190 |      0 |      0 |     56 |   1 |  190.0 |
               +--------+--------+--------+--------+--------+-----+--------+

Top non-repeatable levels by time:
     D:4: 896 daAuts
     D:3: 844 daAuts
     D:1: 831 daAuts
     D:2: 707 daAuts
 Ossuary: 190 daAuts
     D:5: 154 daAuts
  Temple: 19 daAuts
